MWL
WATERLOO HAWKS @ CEDAR RAPIDS CARDINALS
08/17/1982
 
TOP OF THE 1ST
Waterloo Hawks batting - Pitching for Cedar Rapids Cardinals : RHP DeVallon Harper
Pitching: RHP DeVallon Harper
Batting: RHB Edward Irvine 0-0: Fly out, F3 (Flyball, 3D, EV 90.6 MPH)
Batting: RHB Jay Loviglio 0-0: Called Strike
0-1: Ball
1-1: Fly out, F7 (Flyball, 7D, EV 106.3 MPH)
Batting: LHB Ronald Davis 0-0: Swinging Strike
0-1: Swinging Strike
0-2: Ball
1-2: Ground out 3-1 (Groundball, 34, EV 86.3 MPH)
Top of the 1st over - 0 runs, 0 hits, 0 errors, 0 left on base; Waterloo 0 - Cedar Rapids 0
BOTTOM OF THE 1ST
Cedar Rapids Cardinals batting - Pitching for Waterloo Hawks : RHP Paul Voigt
Pitching: RHP Paul Voigt
Batting: SHB Steve McAllister 0-0: Called Strike
0-1: Ground out 4-3 (Groundball, 4, EV 86.3 MPH)
Batting: RHB Reggie D Williams 0-0: Ball
1-0: Foul Ball, location: 2F
1-1: Swinging Strike
1-2: Foul Ball, location: 2F
1-2: Ball
2-2: Foul Ball, location: 2F
2-2: Foul Ball, location: 2F
2-2: Ball
3-2: Foul Ball, location: 2F
3-2: SINGLE (Groundball, 4M, EV 104.4 MPH) (infield hit)
Batting: RHB Nehames Bernstine 0-0: Ball
1-0: Foul Ball, location: 2F
1-1: Called Strike
Reggie D Williams steals 2nd base
1-2: Foul Ball, location: 2F
1-2: Ball
2-2: Ball
3-2: Fly out, F7 (Flyball, 78D, EV 101.3 MPH)
Batting: RHB Winston Ficklin 0-0: Foul Ball, location: 2F
0-1: Foul Ball, location: 2F
0-2: Ball
1-2: Foul Ball, location: 2F
1-2: Ball
2-2: Foul Ball, location: 2F
2-2: Foul Ball, location: 2F
2-2: Ground out U3 (Groundball, 34, EV 90.6 MPH)
Bottom of the 1st over - 0 runs, 1 hit, 0 errors, 1 left on base; Waterloo 0 - Cedar Rapids 0
TOP OF THE 2ND
Waterloo Hawks batting - Pitching for Cedar Rapids Cardinals : RHP DeVallon Harper
Batting: RHB Carmelo Aguayo 0-0: Called Strike
0-1: Called Strike
0-2: Ball
1-2: Foul Ball, location: 2F
1-2: Ball
2-2: SOLO HOME RUN (Flyball, 7D, EV 110.6 MPH), Distance : 374 ft
Batting: LHB Burk Goldthorn 0-0: Called Strike
0-1: Called Strike
0-2: Ball
1-2: Foul Ball, location: 2F
1-2: Ball
2-2: Ball
3-2: Foul Ball, location: 2F
3-2: Ground out 4-3 (Groundball, 4, EV 79.4 MPH)
Batting: RHB Juan Baez 0-0: Ball
1-0: Foul Ball, location: 2F
1-1: Swinging Strike
1-2: Ball
2-2: Ball
3-2: Base on Balls
Batting: RHB Michael Williams 0-0: Called Strike
0-1: Ball
1-1: Ball
2-1: Foul Ball, location: 2F
2-2: Grounds into double play, 6-4-3 (Groundball, 6, EV 84.4 MPH)
Top of the 2nd over - 1 run, 1 hit, 0 errors, 0 left on base; Waterloo 1 - Cedar Rapids 0
BOTTOM OF THE 2ND
Cedar Rapids Cardinals batting - Pitching for Waterloo Hawks : RHP Paul Voigt
Batting: RHB Carson Carroll 0-0: Called Strike
0-1: Ball
1-1: Ground out U3 (Groundball, 34S, EV 88.1 MPH)
Batting: RHB Dean Kornacker 0-0: Ball
1-0: Foul Ball, location: 2F
1-1: Ball
2-1: Foul Ball, location: 2F
2-2: Foul Ball, location: 2F
2-2: Ground out 6-3 (Groundball, 56, EV 95.6 MPH)
Batting: SHB Bryan Hoppie 0-0: Foul Ball, location: 2F
0-1: Ball
1-1: Ball
2-1: Ball
3-1: Foul Ball, location: 2F
3-2: DOUBLE (Groundball, 3L, EV 101.9 MPH)
Batting: SHB Duane Johnson 0-0: Ball
1-0: Ball
2-0: Called Strike
2-1: Ball
3-1: Foul Ball, location: 2F
3-2: Base on Balls
Batting: RHB Orlando Ramirez 0-0: Foul Ball, location: 2F
0-1: Ball
1-1: Ball
2-1: Fly out, F8 (Flyball, 8RXD, EV 84.4 MPH)
Bottom of the 2nd over - 0 runs, 1 hit, 0 errors, 2 left on base; Waterloo 1 - Cedar Rapids 0
TOP OF THE 3RD
Waterloo Hawks batting - Pitching for Cedar Rapids Cardinals : RHP DeVallon Harper
Batting: RHB Mark Doran 0-0: Called Strike
0-1: Called Strike
0-2: Ball
1-2: Strikes out swinging
Batting: RHB David Cusack 0-0: Called Strike
0-1: Ground out 1-3 (Groundball, 13S, EV 71.3 MPH)
Batting: RHB Edward Irvine 0-0: Bunt missed!
0-1: Fly out, F8 (Line Drive, 8LD, EV 89.4 MPH)
Top of the 3rd over - 0 runs, 0 hits, 0 errors, 0 left on base; Waterloo 1 - Cedar Rapids 0
BOTTOM OF THE 3RD
Cedar Rapids Cardinals batting - Pitching for Waterloo Hawks : RHP Paul Voigt
Batting: SHB Steve McAllister 0-0: Foul Ball, location: 2F
0-1: Swinging Strike
0-2: Ball
1-2: Fly out, F3 (Line Drive, 3, EV 66.9 MPH)
Batting: RHB Reggie D Williams 0-0: Ball
1-0: DOUBLE (Flyball, 8RXD, EV 103.8 MPH)
Batting: RHB Nehames Bernstine 0-0: DOUBLE (Line Drive, 89XD, EV 103.1 MPH)
Reggie D Williams scores
Batting: RHB Winston Ficklin 0-0: Called Strike
0-1: Fly out, F6 (Flyball, 56D, EV 82.5 MPH)
Batting: RHB Carson Carroll 0-0: Foul Ball, location: 2F
0-1: Ball
1-1: Ball
2-1: Fly out, F9 (Flyball, 89D, EV 98.8 MPH)
Bottom of the 3rd over - 1 run, 2 hits, 0 errors, 1 left on base; Waterloo 1 - Cedar Rapids 1
TOP OF THE 4TH
Waterloo Hawks batting - Pitching for Cedar Rapids Cardinals : RHP DeVallon Harper
Batting: RHB Jay Loviglio 0-0: Called Strike
0-1: Ball
1-1: Ball
2-1: Fly out, F7 (Line Drive, 7, EV 94.4 MPH)
Batting: LHB Ronald Davis 0-0: Ball
1-0: Ball
2-0: Ball
3-0: Base on Balls
Batting: RHB Carmelo Aguayo 0-0: Ball
1-0: Ball
2-0: Called Strike
2-1: Swinging Strike
2-2: Ball
3-2: Ground out 4-3 (Groundball, 4, EV 86.9 MPH)
Ronald Davis to second
Batting: LHB Burk Goldthorn 0-0: Called Strike
0-1: Ground out U3 (Groundball, 3, EV 86.3 MPH)
Top of the 4th over - 0 runs, 0 hits, 0 errors, 1 left on base; Waterloo 1 - Cedar Rapids 1
BOTTOM OF THE 4TH
Cedar Rapids Cardinals batting - Pitching for Waterloo Hawks : RHP Paul Voigt
Batting: RHB Dean Kornacker 0-0: Ball
1-0: Called Strike
1-1: Called Strike
1-2: Strikes out swinging
Batting: SHB Bryan Hoppie 0-0: Ball
1-0: Ball
2-0: Ball
3-0: Base on Balls
Batting: SHB Duane Johnson 0-0: Ball
1-0: Called Strike
1-1: Ball
2-1: Foul Ball, location: 2F
2-2: Ball
3-2: Strikes out looking
Batting: RHB Orlando Ramirez 0-0: Ball
1-0: Ball
Bryan Hoppie steals 2nd base (no throw)
2-0: SINGLE (Groundball, 56D, EV 95.0 MPH)
Bryan Hoppie to third
Runner from 3rd tries for Home, SAFE, throw by LF to home
Batting: SHB Steve McAllister 0-0: Called Strike
0-1: 2-RUN HOME RUN (Flyball, 9LD, EV 110.6 MPH), Distance : 344 ft
Batting: RHB Reggie D Williams 0-0: Ball
1-0: Called Strike
1-1: Ball
2-1: SOLO HOME RUN (Flyball, 78XD, EV 96.9 MPH), Distance : 406 ft
Batting: RHB Nehames Bernstine 0-0: Foul Ball, location: 2F
0-1: Called Strike
0-2: Strikes out looking
Bottom of the 4th over - 4 runs, 3 hits, 0 errors, 0 left on base; Waterloo 1 - Cedar Rapids 5
TOP OF THE 5TH
Waterloo Hawks batting - Pitching for Cedar Rapids Cardinals : RHP DeVallon Harper
Batting: RHB Juan Baez 0-0: Called Strike
0-1: Ground out U3 (Groundball, 3, EV 95.0 MPH)
Batting: RHB Michael Williams 0-0: Ball
1-0: SINGLE (Groundball, 56D, EV 105.6 MPH)
Batting: RHB Mark Doran 0-0: Ball
1-0: Fly out, F8 (Line Drive, 8LM, EV 95.0 MPH)
Batting: RHB David Cusack 0-0: Swinging Strike
0-1: Called Strike
0-2: Ball
1-2: Fielders Choice at 2nd, 5-4 (Groundball, 5, EV 111.9 MPH)
Top of the 5th over - 0 runs, 1 hit, 0 errors, 1 left on base; Waterloo 1 - Cedar Rapids 5
BOTTOM OF THE 5TH
Cedar Rapids Cardinals batting - Pitching for Waterloo Hawks : RHP Paul Voigt
Batting: RHB Winston Ficklin 0-0: Fly out, F3 (Flyball, 3D, EV 85.6 MPH)
Batting: RHB Carson Carroll 0-0: Called Strike
0-1: Ball
1-1: Ground out 1-3 (Groundball, 13, EV 66.9 MPH)
Batting: RHB Dean Kornacker 0-0: Called Strike
0-1: Foul Ball, location: 2F
0-2: Ball
1-2: Ball
2-2: Strikes out looking
Bottom of the 5th over - 0 runs, 0 hits, 0 errors, 0 left on base; Waterloo 1 - Cedar Rapids 5
TOP OF THE 6TH
Waterloo Hawks batting - Pitching for Cedar Rapids Cardinals : RHP DeVallon Harper
Batting: RHB Edward Irvine 0-0: Ball
1-0: DOUBLE (Line Drive, 89D, EV 103.1 MPH)
Batting: RHB Jay Loviglio 0-0: Ball
1-0: Ball
2-0: Ball
3-0: Called Strike
3-1: Foul Ball, location: 2F
3-2: Strikes out swinging
Batting: LHB Ronald Davis 0-0: Ball
1-0: Foul Ball, location: 2F
1-1: Ball
2-1: Ground out U3 (Groundball, 3S, EV 84.4 MPH)
Edward Irvine to third
Batting: RHB Carmelo Aguayo 0-0: SINGLE (Groundball, 6MD, EV 103.8 MPH)
Edward Irvine scores
Batting: LHB Burk Goldthorn 0-0: Ball
1-0: Foul Ball, location: 2F
1-1: Ball
2-1: Ball
3-1: SINGLE (Groundball, 6MD, EV 100.0 MPH)
Carmelo Aguayo to second
Runner from 2nd tries for 3rd, SAFE, throw by CF made to third
Batting: RHB Juan Baez 0-0: Called Strike
0-1: Swinging Strike
0-2: Strikes out swinging
Top of the 6th over - 1 run, 3 hits, 0 errors, 2 left on base; Waterloo 2 - Cedar Rapids 5
BOTTOM OF THE 6TH
Cedar Rapids Cardinals batting - Pitching for Waterloo Hawks : RHP Paul Voigt
Batting: SHB Bryan Hoppie 0-0: Ball
1-0: Called Strike
1-1: Ground out 6-3 (Groundball, 4M, EV 83.1 MPH)
Batting: SHB Duane Johnson 0-0: Called Strike
0-1: Ground out 6-3 (Groundball, 6, EV 84.4 MPH)
Batting: RHB Orlando Ramirez 0-0: Called Strike
0-1: Ball
1-1: Ball
2-1: Foul Ball, location: 2F
2-2: Strikes out swinging
Bottom of the 6th over - 0 runs, 0 hits, 0 errors, 0 left on base; Waterloo 2 - Cedar Rapids 5
TOP OF THE 7TH
Waterloo Hawks batting - Pitching for Cedar Rapids Cardinals : RHP DeVallon Harper
Batting: RHB Michael Williams 0-0: Ball
1-0: Swinging Strike
1-1: Called Strike
1-2: Strikes out swinging
Batting: RHB Mark Doran 0-0: Ball
1-0: Fly out, F2 (Popup, 13S, EV 79.4 MPH)
Batting: RHB David Cusack 0-0: Called Strike
0-1: SOLO HOME RUN (Flyball, 7D, EV 103.8 MPH), Distance : 395 ft
Batting: RHB Edward Irvine 0-0: Called Strike
0-1: Ball
1-1: Called Strike
1-2: Strikes out swinging
Top of the 7th over - 1 run, 1 hit, 0 errors, 0 left on base; Waterloo 3 - Cedar Rapids 5
BOTTOM OF THE 7TH
Cedar Rapids Cardinals batting - Pitching for Waterloo Hawks : RHP Paul Voigt
Pitching: RHP Albert Arrieta
Batting: SHB Steve McAllister 0-0: Ball
1-0: Swinging Strike
1-1: Swinging Strike
1-2: Fly out, F8 (Line Drive, 8RM, EV 87.5 MPH)
Batting: RHB Reggie D Williams 0-0: Called Strike
0-1: Ball
1-1: Ball
2-1: Ball
3-1: Called Strike
3-2: SINGLE (Groundball, 4M, EV 105.6 MPH) (infield hit)
Batting: RHB Nehames Bernstine 0-0: Ball
1-0: DOUBLE (Line Drive, 5D, EV 98.1 MPH)
Reggie D Williams to third
Runner from 3rd tries for Home, SAFE, throw by LF to trailing runner, SAFE at third!
Batting: RHB Winston Ficklin 0-0: Ball
1-0: Ground out 4-3 (Groundball, 4, EV 79.4 MPH)
Nehames Bernstine scores
Batting: RHB Carson Carroll 0-0: Ball
1-0: Ball
2-0: Ball
3-0: Foul Ball, location: 2F
3-1: Called Strike
3-2: Foul Ball, location: 2F
3-2: Foul Ball, location: 2F
3-2: SINGLE (Popup, 6D, EV 51.9 MPH)
Batting: RHB Dean Kornacker 0-0: Ball
Carson Carroll is caught stealing 2nd base 2-4
Bottom of the 7th over - 2 runs, 3 hits, 0 errors, 0 left on base; Waterloo 3 - Cedar Rapids 7
TOP OF THE 8TH
Waterloo Hawks batting - Pitching for Cedar Rapids Cardinals : RHP DeVallon Harper
Batting: RHB Jay Loviglio 0-0: Ball
1-0: SINGLE (Groundball, 25, EV 68.8 MPH) (infield hit)
Batting: LHB Ronald Davis 0-0: Ball
1-0: DOUBLE (Line Drive, 7LM, EV 108.1 MPH)
Jay Loviglio to third
Batting: RHB Carmelo Aguayo 0-0: Ball
1-0: Ball
2-0: Called Strike
2-1: Foul Ball, location: 2F
2-2: Ball
3-2: Ground out 6-3 (Groundball, 6, EV 110.0 MPH)
Jay Loviglio scores
Batting: LHB Burk Goldthorn 0-0: Ball
1-0: Ball
2-0: Ball
3-0: Base on Balls
Batting: RHB Juan Baez 0-0: Called Strike
0-1: Fly out, F7 (Flyball, 7S, EV 74.4 MPH)
Batting: RHB Michael Williams 0-0: Ball
1-0: Foul Ball, location: 2F
1-1: Swinging Strike
1-2: Ball
2-2: Fly out, F7 (Flyball, 7LM, EV 81.3 MPH)
Top of the 8th over - 1 run, 2 hits, 0 errors, 2 left on base; Waterloo 4 - Cedar Rapids 7
BOTTOM OF THE 8TH
Cedar Rapids Cardinals batting - Pitching for Waterloo Hawks : RHP Albert Arrieta
Batting: RHB Dean Kornacker 0-0: Called Strike
0-1: Swinging Strike
0-2: Strikes out swinging
Batting: SHB Bryan Hoppie 0-0: Ball
1-0: Foul Ball, location: 2F
1-1: Ball
2-1: Swinging Strike
2-2: Foul Ball, location: 2F
2-2: Ground out 3-1 (Groundball, 23, EV 77.5 MPH)
Batting: SHB Duane Johnson 0-0: Called Strike
0-1: Foul Ball, location: 2F
0-2: Ball
1-2: Foul Ball, location: 2F
1-2: Strikes out looking
Bottom of the 8th over - 0 runs, 0 hits, 0 errors, 0 left on base; Waterloo 4 - Cedar Rapids 7
TOP OF THE 9TH
Waterloo Hawks batting - Pitching for Cedar Rapids Cardinals : RHP DeVallon Harper
Batting: RHB Mark Doran 0-0: Ground out 5-3 (Groundball, 56, EV 81.9 MPH)
Batting: RHB David Cusack 0-0: SOLO HOME RUN (Flyball, 78XD, EV 100.0 MPH), Distance : 415 ft
Pitching: RHP Jeffrey Musser
Batting: RHB Edward Irvine 0-0: Swinging Strike
0-1: Foul Ball, location: 2F
0-2: Ground out 1-3 (Groundball, 34S, EV 73.8 MPH)
Batting: RHB Jay Loviglio 0-0: Foul Ball, location: 2F
0-1: Reached on error, E6 (Groundball, 6S, EV 86.9 MPH)
Batting: LHB Ronald Davis 0-0: Called Strike
0-1: Ball
1-1: Foul Ball, location: 2F
1-2: Fly out, F7 (Flyball, 7D, EV 106.9 MPH)
Top of the 9th over - 1 run, 1 hit, 1 error, 1 left on base; Waterloo 5 - Cedar Rapids 7
Monday, August 24th, 2020 - OOTP Baseball 21.5 Build 76